 Dungeon Crawl Stone Soup version 0.24-a0-639-gb70a11d811 (webtiles) character file.

Game seed: 4090798193336405027, levelgen mode: deterministic

717934 Johnny the Phalangite (level 27, -17/221 HPs)
             Began as a Demigod Gladiator on Sept 22, 2019.
             Demolished by an angel
             ... wielding a +1 sacred scourge of holy wrath
             ... summoned by a seraph
              (18 damage)
             ... in Pandemonium.
             The game lasted 04:09:24 (80584 turns).

Johnny the Phalangite (Demigod Gladiator)          Turns: 80584, Time: 04:09:25

Health: -17/221    AC: 37    Str: 50    XL:     27
Magic:  0/59       EV: 18    Int: 16    God:
Gold:   1207       SH:  0    Dex: 28    Spells: 41/75 levels left

rFire    . . .     SeeInvis +   l - +12 glaive of Prune {chop}
rCold    + . .     Gourm    .   (shield currently unavailable)
rNeg     + . .     Faith    .   h - +10 chain mail "Doleukh" {rElec rN+ rCorr}
rPois    +         Spirit   +   i - +2 helmet "Peneg" {Int+2 Dex+3 Slay+2 SInv}
rElec    +         Reflect  .   K - +2 cloak {rPois}
rCorr    +         Harm     .   n - +0 pair of gloves of Pessimism {rElec rC- Str+10}
MR       ++...                  R - +0 pair of boots of Duty {Str+3 Dex+4}
Stlth    ..........             B - amulet of guardian spirit
HPRegen  0.46/turn              j - +5 ring of protection
MPRegen  0.36/turn              c - ring of Logu {rC++ Str-3 Dex+2}

@: mighty, infused, singing, glowing
A: hooves 1, thin metallic scales 1, thin skeletal structure 1, clever 1, high
mp 1, evolution 1
}: 4/15 runes: serpentine, barnacled, silver, abyssal
a: no special abilities


You were in Pandemonium.
You were completely stuffed.

You visited 9 branches of the dungeon, and saw 48 of its levels.
You visited Pandemonium 1 time, and saw 1 of its levels.
You visited the Abyss 3 times.
You also visited: Trove, Bailey, Ice Cave and Desolation.

You collected 10880 gold pieces.
You spent 9673 gold pieces at shops.

Inventory:

Hand Weapons
 l - the +12 glaive of Prune (weapon) {chop}
   (You took it off a deep elf mage on level 3 of the Elven Halls)

   It inflicts extra damage upon your enemies.
 x - the +9 halberd of Fimbulwinter {flame, rF++}
   (You found it on level 9 of the Dungeon)

   It has been specially enchanted to burn those struck by it, causing extra
   injury to most foes and up to half again as much damage against particularly
   susceptible opponents.
   Big, fiery blades are also staple armaments of hydra-hunters.
   It greatly protects you from fire.
 Z - the +11 lajatang "Gogummek" {chaos, rN+ Dex+7}
   (You subdued it on level 5 of the Lair of Beasts)

   Each time it hits an enemy it has a different, random effect.
   It affects your dexterity (+7).
   It protects you from negative energy.
Missiles
 d - 6 throwing nets (quivered)
Armour
 a - +0 pearl dragon scales
 h - the +10 chain mail "Doleukh" (worn) {rElec rN+ rCorr}
   (You bought it in a shop on level 5 of the Dungeon)

   It insulates you from electricity.
   It protects you from negative energy.
   It provides partial protection from all sources of acid and corrosion.
 i - the +2 helmet "Peneg" (worn) {Int+2 Dex+3 Slay+2 SInv}
   (You bought it in a shop on level 5 of the Dungeon)

   It affects your intelligence (+2).
   It affects your dexterity (+3).
   It affects your accuracy and damage with ranged weapons and melee attacks
   (+2).
   It lets you see invisible.
 m - the +2 pair of boots of Compassion {rPois rCorr}
   (You found it on level 4 of the Depths)

   It protects you from poison.
   It provides partial protection from all sources of acid and corrosion.
 n - the +0 pair of gloves of Pessimism (worn) {rElec rC- Str+10}
   (You found it on level 2 of the Snake Pit)

   It affects your strength (+10).
   It makes you vulnerable to cold.
   It insulates you from electricity.
 K - a +2 cloak of poison resistance (worn)
 R - the +0 pair of boots of Duty (worn) {Str+3 Dex+4}
   (You found it on level 3 of the Elven Halls)

   It affects your strength (+3).
   It affects your dexterity (+4).
Jewellery
 c - the ring of Logu (right hand) {rC++ Str-3 Dex+2}
   (You found it in a treasure trove)

   [ring of dexterity]

   It affects your strength (-3).
   It affects your dexterity (+2).
   It greatly protects you from cold.
 g - the amulet of Zyst {RegenMP rC+ Stlth+}
   (You found it in a treasure trove)

   [amulet of magic regeneration]

   It increases your magic regeneration.
   It protects you from cold.
   It makes you more stealthy.
 j - a +5 ring of protection (left hand)
 q - the amulet of Odys {Acrobat MR++}
   (You found it in the Desolation of Salt)

   [amulet of the acrobat]

   It helps you evade while moving and waiting.
   It affects your resistance to hostile enchantments.
 r - the ring of Puxkuyda {*Tele rPois rN+ Int+5}
   (You found it on level 2 of the Abyss)

   [ring of teleportation]

   It may teleport you next to monsters.
   It affects your intelligence (+5).
   It protects you from poison.
   It protects you from negative energy.
 B - an amulet of guardian spirit (around neck)
 H - the ring "Vahadeun" {rF++ Slay+2}
   (You took it off a ragged hierophant in the Desolation of Salt)

   [ring of slaying]

   It affects your accuracy and damage with ranged weapons and melee attacks
   (+2).
   It greatly protects you from fire.
 O - an uncursed ring of flight
 S - the amulet of Qomu {Acrobat rC+}
   (You found it in an ice cave)

   [amulet of the acrobat]

   It helps you evade while moving and waiting.
   It protects you from cold.
Wands
 e - a wand of acid (1)
 t - a wand of iceblast (34)
 u - a wand of paralysis (20)
 w - a wand of scattershot (6)
 y - a wand of disintegration (66)
Scrolls
 k - 10 scrolls of magic mapping
 o - 3 scrolls of noise
 s - 4 scrolls of teleportation
 v - 26 scrolls of remove curse
 E - 2 scrolls of amnesia
 L - 7 scrolls of vulnerability
 N - 6 scrolls of holy word
 P - 2 scrolls of immolation
 U - 2 scrolls of silence
 W - 6 scrolls of identify
 Y - 4 scrolls of enchant armour
Potions
 b - 2 potions of agility
 p - a potion of curing
 z - 5 potions of resistance
 C - 3 potions of cancellation
 F - 2 potions of might
 G - 8 potions of lignification
 I - a potion of mutation
 J - 8 potions of flight
 M - 2 potions of berserk rage
 Q - 8 potions of brilliance
Miscellaneous
 T - a phial of floods
Comestibles
 f - 41 rations


   Skills:
 + Level 13.5 Fighting
 + Level 25.9 Polearms
 - Level 1.7 Throwing
 + Level 8.0 Armour
 + Level 8.3 Dodging
 + Level 24.8 Spellcasting
 - Level 7.4 Charms
 + Level 21.1 Translocations


You had 41 spell levels left.
You knew the following spells:

 Your Spells              Type           Power        Failure   Level  Hunger
a - Infusion              Chrm           ####         1%          1    None
b - Song of Slaying       Chrm           #####...     1%          2    None
c - Shroud of Golubria    Chrm/Tloc      ######       1%          2    None
d - Regeneration          Chrm/Necr      ####......   3%          3    None
e - Blink                 Tloc           N/A          0%          2    None
f - Ozocubu's Armour      Chrm/Ice       ####....     3%          3    None
g - Summon Butterflies    Summ           ###.....     4%          1    None
h - Controlled Blink      Tloc           N/A          5%          8    #######
i - Passage of Golubria   Tloc           N/A          0%          4    None
j - Disjunction           Tloc           ######....   5%          8    #######

Your spell library contained the following spells:

 Spells                   Type           Power        Failure   Level  Hunger
 Apportation              Tloc           ######       0%          1    None
 Gell's Gravitas          Tloc           ######....   0%          3    None
 Lesser Beckoning         Tloc           ######....   0%          3    None
 Teleport Other           Tloc           ######..     0%          3    None
 Portal Projectile        Hex/Tloc       ######       1%          3    None
 Recall                   Summ/Tloc      N/A          1%          3    None
 Force Lance              Conj/Tloc      ######..     1%          4    None
 Dispersal                Tloc           ######....   1%          6    ####...
 Spectral Weapon          Hex/Chrm       ####....     3%          3    None
 Animate Skeleton         Necr           N/A          4%          1    None
 Beastly Appendage        Tmut           ###...       4%          1    None
 Confusing Touch          Hex            ###...       4%          1    None
 Corona                   Hex            ###....      4%          1    None
 Flame Tongue             Conj/Fire      ###..        4%          1    None
 Freeze                   Ice            ###.         4%          1    None
 Sandblast                Erth           ###...       4%          1    None
 Sting                    Conj/Pois      ###.         4%          1    None
 Summon Small Mammal      Summ           ###.         4%          1    None
 Call Imp                 Summ           ###.....     8%          2    None
 Ensorcelled Hibernation  Hex/Ice        ###...       8%          2    None
 Passwall                 Tmut/Erth      ###.....     8%          2    None
 Poisonous Vapours        Pois/Air       ###...       8%          2    None
 Slow                     Hex            ###.....     8%          2    None
 Sticks to Snakes         Tmut           ###.....     8%          2    None
 Sublimation of Blood     Necr           ###.......   8%          2    None
 Throw Flame              Conj/Fire      ###...       8%          2    None
 Throw Frost              Conj/Ice       ###...       8%          2    None
 Call Canine Familiar     Summ           ###.....     14%         3    None
 Confuse                  Hex            ###.....     14%         3    None
 Conjure Flame            Conj/Fire      ###.....     14%         3    None
 Dazzling Spray           Conj/Hex       ###...       14%         3    None
 Ignite Poison            Fire/Tmut/Pois ###.....     14%         3    None
 Inner Flame              Hex/Fire       ###.....     14%         3    None
 Mephitic Cloud           Conj/Pois/Air  ###.....     14%         3    None
 Spider Form              Tmut/Pois      ###.......   14%         3    None
 Stone Arrow              Conj/Erth      ###...       14%         3    None
 Summon Guardian Golem    Hex/Summ       ###.....     14%         3    None
 Tukima's Dance           Hex            ###.....     14%         3    None
 Iskenderun's Battlesphe  Conj/Chrm      ####....     28%         5    #......
 Animate Dead             Necr           N/A          43%         4    None
 Cause Fear               Hex            ###.......   43%         4    None
 Fulminant Prism          Conj/Hex       ###.......   43%         4    None
 Ice Form                 Ice/Tmut       ###.....     43%         4    None
 Leda's Liquefaction      Hex/Erth       ###.......   43%         4    None
 Olgreb's Toxic Radiance  Pois           ###.....     43%         4    None
 Petrify                  Tmut/Erth      ###.....     43%         4    None
 Summon Ice Beast         Ice/Summ       ###.....     43%         4    None
 Summon Lightning Spire   Summ/Air       ###.....     43%         4    None
 Throw Icicle             Conj/Ice       ###.....     43%         4    None
 Malign Gateway           Summ/Tloc      ######....   47%         7    ######.
 Agony                    Necr           ###.....     80%         5    #......
 Alistair's Intoxication  Tmut/Pois      ###.....     80%         5    #......
 Blade Hands              Tmut           ###.......   80%         5    #......
 Bolt of Magma            Conj/Fire/Erth ###.......   80%         5    #......
 Borgnjor's Vile Clutch   Necr/Erth      ###.......   80%         5    #......
 Dispel Undead            Necr           ###.....     80%         5    #......
 Irradiate                Conj/Tmut      ###.......   80%         5    #......
 Lee's Rapid Deconstruct  Erth           ###.......   80%         5    #......
 Metabolic Englaciation   Hex/Ice        ###.......   80%         5    #......
 Silence                  Hex/Air        ###.......   80%         5    #......
 Summon Mana Viper        Hex/Summ       ###.....     80%         5    #......
 Venom Bolt               Conj/Pois      ###.......   80%         5    #......
 Yara's Violent Unravell  Hex/Tmut       ###.......   80%         5    #......
 Deflect Missiles         Chrm/Air       ####......   85%         6    ####...
 Bolt of Cold             Conj/Ice       ###.......   100%        6    ####...
 Bolt of Fire             Conj/Fire      ###.......   100%        6    ####...
 Conjure Ball Lightning   Conj/Air       ###.......   100%        6    ####...
 Darkness                 Hex            ###.......   100%        6    ####...
 Death Channel            Necr           ###.......   100%        6    ####...
 Freezing Cloud           Conj/Ice/Air   ###.......   100%        6    ####...
 Invisibility             Hex            ###.....     100%        6    ####...
 Iron Shot                Conj/Erth      ###.......   100%        6    ####...
 Ozocubu's Refrigeration  Ice            ###.......   100%        6    ####...
 Shadow Creatures         Summ           N/A          100%        6    ####...
 Simulacrum               Ice/Necr       ###.......   100%        6    ####...
 Statue Form              Tmut/Erth      ###......    100%        6    ####...
 Dragon Form              Tmut           ###.......   100%        7    ######.
 Haunt                    Necr/Summ      ###.......   100%        7    ######.
 Orb of Destruction       Conj           ###.......   100%        7    ######.
 Ring of Flames           Chrm/Fire      ####......   100%        7    ######.
 Spellforged Servitor     Conj/Summ      ###.......   100%        7    ######.
 Summon Hydra             Summ           ###.......   100%        7    ######.
 Borgnjor's Revivificati  Necr           ###.......   100%        8    #######
 Death's Door             Chrm/Necr      ####......   100%        8    #######
 Discord                  Hex            ###.......   100%        8    #######
 Ignition                 Fire           ###.......   100%        8    #######
 Infestation              Necr           ###.......   100%        8    #######
 Necromutation            Tmut/Necr      ###.......   100%        8    #######
 Dragon's Call            Summ           ###.......   100%        9    #######
 Tornado                  Air            ###.......   100%        9    #######


Dungeon Overview and Level Annotations

Branches:
Dungeon (15/15)            Temple (0/1) D:6            Lair (6/6) D:9
 Shoals (4/4) Lair:2        Snake (4/4) Lair:3        Slime (4/5) Lair:5
    Orc (2/2) D:12            Elf (3/3) Orc:2        Vaults (5/5) D:13
  Crypt (0/3) Vaults:3     Depths (5/5) D:15            Zot (0/5) Depths:5
 Bailey (visited)           IceCv (visited)         Desolation (visited)

Shops:
D:5 [   Orc:1 (   Orc:2 :*[(   Elf:2 *   Elf:3 !   Shoals:2 (   Vaults:1 *
Vaults:3 =   Vaults:5 %??%%?%   Depths:1 (?   Depths:5 *[?:

Portals:
Hell: Depths:1 Depths:2 Depths:3 Depths:4 Depths:5
Abyss: Depths:4
Pandemonium: Depths:1 Depths:3
Ziggurat: Depths:1

Annotations:
D:4 Ijyb
D:12 2 transporters, Myhiomoi's ghost, journeyman GrEE
Elf:2 3 runed translucent doors


Innate Abilities, Weirdness & Mutations

You have an increased reservoir of magic. (+10% MP)
You have large cloven feet.
You are partially covered in thin metallic scales. (AC +2)
You have a somewhat thin skeletal structure. (Dex +2, Stealth)
Your mind is acute. (Int +2)
You evolve.


Message History

The angel hits you with a +2 whip of holy wrath.
Unknown command.
You closely miss the seraph.
The seraph is almost dead.
The angel hits you with a +1 sacred scourge of holy wrath!
The angel completely misses you. The angel hits you but does no damage.
The angel completely misses you.
The seraph hits you with a +7 great sword of flaming!!!
* * * LOW HITPOINT WARNING * * *
The seraph burns you!!
* * * LOW HITPOINT WARNING * * *
The seraph hits you with a +7 great sword of flaming!
* * * LOW HITPOINT WARNING * * *
The seraph burns you.
* * * LOW HITPOINT WARNING * * *
The angel hits you with a +2 whip of holy wrath!
* * * LOW HITPOINT WARNING * * *
The angel hits you but does no damage.
The angel hits you with a +1 sacred scourge of holy wrath!!
You die...

(..#.....##..##..################
.........##..##..§.............).
.........##..##.......)8.....8...
#........##..##..................
#........##..##..#######'#'#'####
#........##..##≈≈# #8.......8#
....##...##..##########.......###
...###...##.....AA....###'''###(.
...##....##.....@AA..........)(..
........###'.....AA..............
........#..############.......###
#.......#..############.......###
##......####..........8.......8..
###.((.(())))#..(...............
##........###......8....)..8..
###.........###((.....).........
#..#..##.....###.....8.......8..


You could see a seraph, a daeva, 3 angels and a cherub.

Vanquished Creatures
  An ancient lich (Abyss:2)
  2 juggernauts
  Vashnia (Snake:2)
  Bai Suzhen (Depths:2)
  3 caustic shrikes (Depths:4)
  3 golden dragons
  Nikola (Snake:2)
  2 profane servitors (Abyss:2)
  A pearl dragon (Pan)
  10 bone dragons
  The ghost of feelmyfire the Swashbuckler, an adept HaGl of Uskayaw (Shoals:4)
  3 tentacled monstrosities
  3 liches
  Asterion (Elf:3)
  Rupert (D:13)
  4 deep elf blademasters (Elf:3)
  6 titans
  3 deep elf master archers (Elf:3)
  31 tentacled starspawn
  Gastronok (Lair:3)
  2 quicksilver dragons
  4 Executioners
  8 acid blobs
  Agnes (D:14)
  Kirke (D:13)
  5 sphinxes
  9 tengu reavers
  7 storm dragons
  Donald (Snake:2)
  5 shadow dragons
  2 draconian monks
  9 azure jellies
  A revenant (Vaults:3)
  6 frost giants
  25 vault wardens
  11 fire giants
  16 nagarajas
  18 daevas (Pan)
  A draconian knight (Abyss:2)
  3 imperial myrmidons (Desolation)
  7 deep elf sorcerers
  3 balrugs
  An iron dragon (shapeshifter) (Vaults:5)
  An orc warlord (Orc:2)
  4 cacodemons
  7 deep elf elementalists (Elf:3)
  27 angels
  25 very ugly things
  4 spriggan defenders
  27 stone giants
  A draconian stormcaller (Depths:5)
  2 juggernaut zombies (Depths:2)
  11 ironheart preservers
  A war gargoyle (Vaults:5)
  16 ophanim
  An entropy weaver (Vaults:5)
  7 deep elf demonologists
  13 vampire knights
  2 lorocyprocas (Abyss:1)
  The ghost of Ishiemor the Archer, a journeyman CeHu of Okawaru (Lair:5)
  18 apis (Pan)
  2 halazid warlocks (Desolation)
  A spark wasp (shapeshifter) (Vaults:5)
  3 black draconians
  2 purple draconians (Depths:5)
  8 spark wasps
  Azrael (Snake:3)
  A yellow draconian (Depths:5)
  9 deep elf annihilators
  A minotaur (Lair:2)
  3 crystal guardians
  A blizzard demon (Abyss:3)
  3 green deaths
  8 deep elf death magi
  7 fire dragons
  10 ettins
  4 merfolk javelineers (Shoals:4)
  11 merfolk impalers
  22 ogre magi
  6 jiangshi
  9 deep elf high priests
  15 great orbs of eyes
  19 ice dragons
  12 ragged hierophants (Desolation)
  9 servants of whispers (Desolation)
  Erolcha (Orc:2)
  Harold (Lair:1)
  15 yaktaur captains
  The ghost of skumtomte the Zephyrmancer, a journeyman TeAE of Vehumet (Lair:2)
  10 rakshasas
  30 vault guards
  10 hydras
  8 peacekeepers
  20 naga warriors
  A hell beast (Depths:5)
  A catoblepas (Lair:6)
  7 merfolk avatars
  3 merfolk aquamancers (Shoals:4)
  9 centaur warriors
  A death knight (Vaults:3)
  A satyr (Shoals:4)
  14 anacondas
  16 dancing weapons
  62 two-headed ogres
  6 deep troll earth magi
  9 tengu warriors
  3 death yaks (Lair:6)
  66 small abominations
  7 deep troll shamans
  9 vampire magi
  18 thrashing horrors
  5 hell hogs (Abyss:3)
  5 spriggan berserkers
  Nergalle (D:11)
  5 shock serpents
  4 orc high priests (Orc:2)
  2 soul eaters
  14 naga sharpshooters
  6 sun demons
  7 iron trolls
  12 deep elf knights
  An iron troll (shapeshifter) (Vaults:5)
  24 wretched stars
  2 hell knights (Depths:5)
  A shadow wraith (Abyss:1)
  9 spatial maelstroms
  4 sixfirhies
  11 cherubim
  A fire crab (shapeshifter) (Vaults:3)
  8 unseen horrors
  A golden dragon zombie (Abyss:1)
  4 wizards
  14 skeletal warriors
  34 sea snakes
  A spark wasp zombie (Depths:1)
  33 deep trolls
  A torturous demonspawn (Depths:1)
  2 storm dragon skeletons (Abyss:1)
  6 flayed ghosts
  6 naga ritualists
  A shadow demon (Abyss:2)
  3 lindwurms (Lair:6)
  6 glowing orange brains
  7 mana vipers
  37 deep elf magi
  5 deep elf archers
  17 harpies
  16 ironbrand convokers
  A golden dragon skeleton (Depths:2)
  An iron dragon zombie (Depths:5)
  10 necromancers
  5 phantasmal warriors
  12 orc knights
  3 oklob plants (Lair:2)
  5 orc sorcerers
  A stone giant zombie (Depths:2)
  4 wolf spiders
  74 ugly things
  2 cyclopes (shapeshifter)
  13 worldbinders
  9 salamanders
  6 cyclopes
  A sphinx skeleton (Depths:2)
  5 shining eyes
  A shadow dragon skeleton (D:15)
  2 frost giant zombies
  18 manticores
  7 merfolk sirens
  5 fauns (Shoals:1)
  17 guardian serpents
  3 rust devils
  A dire elephant zombie (Abyss:1)
  11 apocalypse crabs
  8 elephants
  32 black mambas
  An elephant (shapeshifter) (Vaults:4)
  12 water nymphs
  Joseph (Lair:1)
  2 molten gargoyles (Desolation)
  22 vault sentinels
  2 ice statues (IceCv)
  8 orange demons
  A frost giant skeleton (Abyss:1)
  A stone giant skeleton (Abyss:1)
  29 smoke demons
  12 spiny frogs
  12 naga magi
  A torpor snail (Lair:5)
  A gargoyle (D:11)
  3 demonic crawlers
  A hellion (Depths:1)
  7 komodo dragons
  A yaktaur zombie (D:15)
  76 yaktaurs
  A yaktaur (shapeshifter) (Vaults:3)
  8 rime drakes
  4 tormentors
  8 efreet
  26 ancient zymes
  15 freezing wraiths
  5 ice devils
  21 merfolk
  4 tengu conjurers
  3 polar bears (shapeshifter)
  4 hellwings
  3 jumping spiders (Vaults:5)
  A spriggan skeleton (Depths:1)
  A polar bear (Lair:5)
  3 red devils
  A queen bee (shapeshifter) (Depths:1)
  6 meliai
  2 meliai (shapeshifter)
  7 trolls
  2 trolls (shapeshifter)
  3 hornets
  A queen bee (Lair:5)
  A wind drake (shapeshifter) (Vaults:1)
  16 blink frogs
  A jumping spider (shapeshifter) (Depths:3)
  4 wind drakes
  53 raiju
  88 slime creatures
  An iron dragon simulacrum (Depths:1)
  51 saltlings (Desolation)
  A meliai zombie (D:11)
  17 dream sheep
  15 hippogriffs
  A spriggan zombie (Depths:1)
  A stone giant simulacrum (Vaults:2)
  A hippogriff (shapeshifter) (Abyss:2)
  9 snapping turtles
  A dream sheep (shapeshifter) (Vaults:5)
  15 flying skulls
  An ice dragon skeleton (Depths:1)
  A redback (Vaults:5)
  8 wyverns
  6 shadows
  4 air elementals
  A dire elephant simulacrum (Abyss:1)
  36 yaks
  A deep troll skeleton (Depths:1)
  4 vampires
  70 large abominations
  4 water elementals
  6 wraiths
  32 ynoxinuls
  5 fire elementals
  A human (D:12)
  A human (shapeshifter) (Abyss:2)
  4 elf zombies
  A hog (shapeshifter) (Elf:1)
  A steam dragon (Lair:5)
  3 basilisks
  3 fire bats (Abyss:2)
  12 golden eyes
  A black mamba skeleton (Abyss:1)
  3 hogs (D:13)
  6 vampire mosquitoes
  4 hungry ghosts
  16 chaos spawn
  17 neqoxecs
  A warg (shapeshifter) (Elf:3)
  23 spatial vortices
  An insubstantial wisp (Abyss:1)
  10 wargs
  3 acid dragons
  46 nagas
  A swamp worm (shapeshifter) (Depths:4)
  21 water moccasins
  10 hell hounds
  2 floating eyes
  17 ice beasts
  Duvessa (D:4)
  10 porcupines
  A swamp drake (shapeshifter) (Vaults:5)
  A fire dragon simulacrum (Abyss:2)
  An ettin simulacrum (Vaults:2)
  A necrophage (D:8)
  40 orc warriors
  3 phantoms
  4 sky beasts
  58 ogres
  A tengu (Bailey)
  6 eyes of draining
  74 starcursed masses
  4 wolves (Lair:6)
  A boggart (Depths:4)
  22 centaurs
  16 crocodiles
  A crocodile (shapeshifter) (Abyss:1)
  3 big kobolds
  14 bullfrogs
  A bullfrog (shapeshifter) (Depths:3)
  5 earth elementals
  A wyvern zombie (D:14)
  A water moccasin zombie (D:7)
  Dowan (D:4)
  5 scorpions
  35 killer bees
  7 wights
  4 howler monkeys
  5 crimson imps
  13 quasits
  8 hounds
  7 bullfrog zombies
  20 orc priests
  10 jellies
  A bullfrog skeleton (D:7)
  16 iron imps
  7 centaur skeletons
  5 iguanas
  8 worker ants
  33 orc wizards
  A hound skeleton (D:4)
  A mummy (D:5)
  10 adders
  6 shadow imps
  10 white imps
  11 ufetubi
  10 oozes
  An adder zombie (D:7)
  2 worms (D:3)
  7 leopard geckos
  101 orcs
  2 giant cockroaches
  6 goblins
  4 hobgoblins
  4 jackals (D:6)
  3 quokkas
  6 bats
  6 frilled lizards
  15 kobolds
  A leopard gecko skeleton (D:7)
  12 rats
  2 crawling corpses (Elf:3)
  2 lurking horrors
  A plant (Lair:2)
  22 starspawn tentacles
3148 creatures vanquished.

Vanquished Creatures (collateral kills)
  Sojobo (Depths:1)
  A deep elf knight (Vaults:5)
  A shining eye (Slime:1)
  2 yaktaurs (Vaults:2)
5 creatures vanquished.

Vanquished Creatures (others)
  A deep elf death mage (Vaults:3)
  A peacekeeper (Desolation)
  A merfolk aquamancer (Shoals:4)
  A deep elf mage (Elf:1)
  2 large abominations (Abyss:1)
  A smoke demon (Abyss:1)
  A saltling (Desolation)
  A ynoxinul (Abyss:1)
  A shadow (Abyss:2)
  An ogre (Vaults:2)
  3 small abominations
  2 fungi
  7 lurking horrors
  7 plants
  64 starspawn tentacles
  A withered plant (D:15)
95 creatures vanquished.

Grand Total: 3248 creatures vanquished

Notes
Turn   | Place    | Note
-------+----------+-------------------------------------------
     0 | D:1      | Johnny the Demigod Gladiator began the quest for the Orb.
     0 | D:1      | Reached XP level 1. HP: 17/17 MP: 3/3
   161 | D:1      | Reached skill level 3 in Polearms
   177 | D:1      | Reached XP level 2. HP: 22/24 MP: 4/4
   663 | D:2      | Found a hide-covered altar of Uskayaw.
  1240 | D:2      | Reached skill level 1 in Armour
  1543 | D:3      | Reached XP level 3. HP: 29/29 MP: 5/5
  2305 | D:3      | Reached XP level 4. HP: 11/37 MP: 6/6
  2714 | D:3      | Reached skill level 4 in Polearms
  2922 | D:4      | Noticed Ijyb
  2940 | D:5      | Entered Level 5 of the Dungeon
  3280 | D:4      | Noticed a phantom
  3280 | D:4      | Noticed Duvessa
  3345 | D:5      | Reached XP level 5. HP: 23/44 MP: 7/7
  3731 | D:5      | Found Ugridype's Antique Armour Shop.
  3889 | D:5      | Noticed a sky beast
  3963 | D:5      | Killed a sky beast
  3963 | D:5      | Reached skill level 5 in Polearms
  3963 | D:5      | Reached XP level 6. HP: 13/51 MP: 8/8
  4252 | D:5      | Found a snail-covered altar of Cheibriados.
  4507 | D:3      | Found a sacrificial altar of Ru.
  4639 | D:4      | Found a sparkling altar of Nemelex Xobeh.
  4673 | D:4      | Noticed Dowan
  4689 | D:4      | Killed Dowan
  4726 | D:4      | Killed Duvessa
  4726 | D:4      | Reached skill level 6 in Polearms
  4848 | D:4      | Reached XP level 7. HP: 22/60 MP: 9/9
  5130 | D:4      | Found a stormy altar of Qazlal.
  5446 | D:5      | Bought a smoking chain mail for 218 gold pieces
  5456 | D:5      | Identified the +10 chain mail "Doleukh" {rElec rN+ rCorr}
                  | (You bought it in a shop on level 5 of the Dungeon)
  5476 | D:6      | Found a staircase to the Ecumenical Temple.
  5603 | D:6      | Reached skill level 7 in Polearms
  5826 | D:6      | Reached skill level 5 in Fighting
  6027 | D:6      | Reached XP level 8. HP: 62/68 MP: 10/10
  6282 | D:7      | Reached skill level 8 in Polearms
  6342 | D:7      | Noticed a hippogriff
  6381 | D:7      | Killed a hippogriff
  6566 | D:7      | Reached skill level 9 in Polearms
  6921 | D:8      | Reached XP level 9. HP: 77/78 MP: 11/11
  7009 | D:8      | Reached skill level 10 in Polearms
  7048 | D:8      | Found a flagged portal.
  7190 | Bailey   | Entered a bailey
  7190 | Bailey   | Noticed an orc knight
  7258 | Bailey   | an orc knight changed into a floating eye
  7762 | D:8      | Identified a scroll of acquirement
  7963 | D:8      | Reached skill level 11 in Polearms
  8202 | D:5      | Bought a heavily runed helmet for 218 gold pieces
  8212 | D:5      | Identified the +2 helmet "Peneg" {Int+2 Dex+3 Slay+2 SInv}
                  | (You bought it in a shop on level 5 of the Dungeon)
  8361 | D:9      | Noticed a komodo dragon
  8362 | D:9      | Noticed a purple ugly thing
  8365 | D:9      | Noticed a manticore
  8370 | D:9      | Killed a purple ugly thing
  8370 | D:9      | Reached XP level 10. HP: 77/88 MP: 13/13
  8412 | D:9      | Killed a manticore
  8465 | D:9      | Reached skill level 12 in Polearms
  8493 | D:9      | Got a crystal halberd
  8494 | D:9      | Identified the +9 halberd of Fimbulwinter {flame, rF++}
                  | (You found it on level 9 of the Dungeon)
  8987 | D:9      | Found a glowing golden altar of the Shining One.
  9026 | D:9      | Found an ancient bone altar of Kikubaaqudgha.
  9074 | D:9      | Found a staircase to the Lair.
  9287 | D:10     | Entered Level 10 of the Dungeon
  9366 | D:10     | Got a crystal glaive
  9834 | D:10     | Noticed an unseen horror
  9837 | D:10     | Killed an unseen horror
  9901 | D:10     | Reached XP level 11. HP: 86/97 MP: 12/14
 10188 | D:11     | Reached skill level 13 in Polearms
 10222 | D:11     | Noticed Nergalle
 10232 | D:11     | Killed Nergalle
 10287 | D:11     | Noticed an unseen horror
 10293 | D:11     | Killed an unseen horror
 10602 | D:11     | Reached skill level 10 in Fighting
 11021 | D:12     | You fall into a shaft and drop 3 floors!
 11021 | D:15     | Entered Level 15 of the Dungeon
 11112 | D:15     | Reached skill level 14 in Polearms
 11185 | D:15     | Noticed a deep elf mage
 11191 | D:15     | Killed a deep elf mage
 11199 | D:15     | Found a frozen archway.
 11212 | IceCv    | Entered an ice cave
 11434 | IceCv    | Reached XP level 12. HP: 108/108 MP: 15/15
 11696 | IceCv    | Noticed an ice dragon
 11696 | IceCv    | Noticed an ice dragon
 11709 | IceCv    | Killed an ice dragon
 11709 | IceCv    | Reached skill level 15 in Polearms
 11718 | IceCv    | Killed an ice dragon
 11736 | IceCv    | Got a sparkling amethyst amulet
 12017 | D:15     | Identified the +11 glaive of the Disturbing Yaks {chop,
                  | +Blink MR++ Int-5 Stlth+} (You found it on level 10 of the
                  | Dungeon)
 12020 | D:15     | Identified the amulet of Qomu {Acrobat rC+} (You found it
                  | in an ice cave)
 12149 | D:15     | Noticed a six-headed hydra
 12149 | D:15     | Noticed a centaur warrior
 12155 | D:15     | Killed a four-headed hydra
 12160 | D:15     | Killed a centaur warrior
 12172 | D:15     | Noticed a fire dragon
 12183 | D:15     | Killed a fire dragon
 12183 | D:15     | Reached skill level 16 in Polearms
 12189 | D:15     | Noticed an ogre mage
 12210 | D:15     | Killed an ogre mage
 12609 | D:15     | Learned a level 1 spell: Infusion
 12612 | D:15     | Learned a level 2 spell: Song of Slaying
 12615 | D:15     | Learned a level 2 spell: Shroud of Golubria
 12619 | D:15     | Learned a level 3 spell: Regeneration
 12935 | D:15     | Reached XP level 13. HP: 44/116 MP: 7/16
 12937 | D:15     | Reached skill level 17 in Polearms
 13252 | D:15     | Found a staircase to the Depths.
 13770 | D:13     | Reached skill level 1 in Spellcasting
 13938 | D:13     | Noticed Rupert
 13951 | D:13     | Killed Rupert
 14039 | D:13     | Noticed Kirke
 14057 | D:13     | Killed Kirke
 14151 | D:13     | Found a radiant altar of Vehumet.
 14180 | D:13     | Found a gate to the Vaults.
 14426 | D:14     | Noticed Agnes
 14436 | D:14     | Killed Agnes
 14436 | D:14     | Reached skill level 5 in Spellcasting
 15277 | D:12     | Found a staircase to the Orcish Mines.
 15359 | D:12     | Noticed Myhiomoi's ghost (journeyman GrEE)
 15362 | D:12     | Found a transporter.
 15364 | D:12     | Found a transporter.
 15608 | D:12     | Reached XP level 14. HP: 116/124 MP: 30/30
 15716 | Orc:1    | Entered Level 1 of the Orcish Mines
 15992 | Orc:2    | Entered Level 2 of the Orcish Mines
 16473 | Orc:1    | Paralysed by an orc sorcerer for 3 turns
 16535 | Orc:1    | Found Eqey's Weapon Shoppe.
 16665 | Orc:2    | Found a staircase to the Elven Halls.
 16762 | Orc:2    | Noticed Erolcha
 16768 | Orc:2    | Killed Erolcha
 16984 | Orc:2    | Noticed an orc warlord
 16992 | Orc:2    | Killed an orc warlord
 17006 | Orc:2    | Reached skill level 10 in Spellcasting
 17616 | Orc:2    | Found Etit Ojetsa's Antique Armour Boutique.
 17617 | Orc:2    | Found Numezacs's Antique Weapon Boutique.
 17619 | Orc:2    | Found Akois's General Store.
 17619 | Orc:2    | Found Joileec's Book Shop.
 17636 | Orc:2    | Bought a potion of heal wounds for 70 gold pieces
 17636 | Orc:2    | Bought a potion of might for 56 gold pieces
 17659 | Orc:2    | Bought an embroidered scarf for 256 gold pieces
 17659 | Orc:2    | Bought an ancient chain mail for 304 gold pieces
 17659 | Orc:2    | Bought a runed scarf for 256 gold pieces
 17691 | Orc:2    | Identified the +6 chain mail of the Amoeba {*Drain +Inv
                  | Int-2 Stlth+} (You bought it in a shop on level 2 of the
                  | Orcish Mines)
 18063 | Lair:1   | Entered Level 1 of the Lair of Beasts
 18266 | Lair:1   | Noticed Harold
 18294 | Lair:1   | Killed Harold
 18311 | Lair:1   | Noticed Joseph
 18321 | Lair:1   | Killed Joseph
 19175 | Lair:2   | You fall into a shaft and drop 2 floors!
 19466 | Lair:3   | Found a staircase to the Snake Pit.
 19800 | Lair:3   | Noticed Gastronok
 19813 | Lair:3   | Killed Gastronok
 20923 | Lair:5   | Found a runed translucent door.
 20923 | Lair:5   | Found a shimmering altar of Xom.
 20923 | Lair:5   | Noticed Ishiemor's ghost (journeyman CeHu)
 20923 | Lair:5   | Identified the +11 lajatang "Gogummek" {chaos, rN+ Dex+7}
 20960 | Lair:5   | Killed Ishiemor's ghost
 20963 | Lair:5   | Got a flickering silver amulet
 21006 | Lair:5   | Found a staircase to the Slime Pits.
 21047 | Lair:5   | Reached skill level 5 in Dodging
 21184 | Lair:5   | Reached XP level 15. HP: 129/129 MP: 35/35
 21357 | Lair:5   | Identified the +11 dagger of Certain Death {protect,
                  | *Corrode Str+7 Dex+4 SInv}
 21364 | Lair:5   | Reached skill level 5 in Armour
 22208 | Lair:6   | Entered Level 6 of the Lair of Beasts
 23210 | Lair:2   | Found a staircase to the Shoals.
 23305 | Lair:2   | Found a runed translucent gate.
 23305 | Lair:2   | Found a runed translucent gate.
 23307 | Lair:2   | Found a runed translucent gate.
 23406 | Lair:2   | Noticed skumtomte's ghost (journeyman TeAE)
 23466 | Lair:2   | Killed skumtomte's ghost
 23504 | Lair:2   | Identified the amulet "Foeghe Hisu" {Inacc Str+5} (You
                  | found it on level 5 of the Lair of Beasts)
 24082 | Snake:1  | Entered Level 1 of the Snake Pit
 24371 | Snake:1  | Got a pair of pitted gloves
 24383 | Snake:1  | Identified the +1 pair of gloves of Utrenneo {rC+ Str+2
                  | Int-4} (You acquired it on level 1 of the Snake Pit)
 24611 | Snake:1  | Found a shimmering altar of Xom.
 24703 | Snake:1  | Reached skill level 1 in Translocations
 26153 | Snake:2  | Noticed Donald
 26209 | Snake:1  | Reached XP level 16. HP: 38/137 MP: 27/38
 26597 | Snake:2  | Noticed Nikola
 26675 | Snake:2  | Noticed Vashnia
 26717 | Snake:2  | Killed Nikola
 27255 | Snake:2  | Killed Donald
 27537 | Snake:2  | Killed Vashnia
 27547 | Snake:2  | Reached skill level 15 in Spellcasting
 28529 | Snake:3  | Noticed Azrael
 28550 | Snake:3  | Killed Azrael
 29270 | Shoals:1 | Entered Level 1 of the Shoals
 29670 | Elf:1    | Entered Level 1 of the Elven Halls
 29916 | Elf:1    | Reached skill level 1 in Charms
 30059 | Elf:1    | Identified Kikubaaqudgha's Compendium of Evil
 30147 | Elf:1    | Reached XP level 17. HP: 129/144 MP: 32/42
 30758 | Elf:2    | Found an ancient bone altar of Kikubaaqudgha.
 30759 | Elf:2    | Found Yvut's General Store.
 30763 | Elf:2    | Bought a potion of heal wounds for 70 gold pieces
 30763 | Elf:2    | Bought a scroll of identify for 28 gold pieces
 30823 | Elf:2    | Found a ruined gateway.
 30842 | Desolati | Entered the Desolation of Salt
 31247 | Desolati | Identified the Papyrus of Hexes and Ignition
 31458 | Desolati | Identified the Collected Works on the Compass
 32322 | Desolati | Reached skill level 5 in Charms
 32326 | Desolati | Identified the ring "Vahadeun" {rF++ Slay+2}
 32578 | Desolati | Got a transparent ivory amulet
 32586 | Desolati | Identified the Compendium of Supportive Beguiling
 32598 | Desolati | Got a diamond-encrusted ring mail
 32668 | Desolati | Identified the Catalogue of the Doomed Glacier
 32670 | Desolati | Identified the Compendium of Cold and the Volcanoes
 32678 | Desolati | Identified Roxanne's Catalogue of the Unstable Rocks
 33010 | Elf:2    | Found a runed translucent gate.
 33010 | Elf:2    | Found a runed translucent gate.
 33010 | Elf:2    | Found a runed translucent gate.
 33355 | Elf:3    | Entered Level 3 of the Elven Halls
 33494 | Elf:3    | Identified the amulet of Odys {Acrobat MR++} (You found it
                  | in the Desolation of Salt)
 33703 | Elf:3    | Noticed Asterion
 33715 | Elf:3    | Killed Asterion
 33758 | Elf:3    | Noticed a deep elf blademaster
 33920 | Elf:3    | Found Gebunoz's Distillery.
 33931 | Elf:3    | Bought a potion of magic for 120 gold pieces
 33931 | Elf:3    | Bought a potion of agility for 60 gold pieces
 33931 | Elf:3    | Bought 2 potions of flight for 90 gold pieces
 33931 | Elf:3    | Bought a potion of resistance for 150 gold pieces
 33931 | Elf:3    | Bought a potion of lignification for 45 gold pieces
 33931 | Elf:3    | Bought a potion of curing for 45 gold pieces
 33931 | Elf:3    | Bought a potion of invisibility for 120 gold pieces
 33931 | Elf:3    | Bought a potion of ambrosia for 120 gold pieces
 33931 | Elf:3    | Bought a potion of mutation for 120 gold pieces
 33931 | Elf:3    | Bought a potion of lignification for 45 gold pieces
 33931 | Elf:3    | Bought a potion of agility for 60 gold pieces
 33931 | Elf:3    | Bought a potion of agility for 60 gold pieces
 34067 | Elf:3    | Noticed a deep elf blademaster
 34081 | Elf:3    | Killed a deep elf blademaster
 34276 | Elf:3    | Reached XP level 18. HP: 133/155 MP: 43/45
 34542 | Elf:3    | Identified the +8 glaive of Ash {chop, Int+4}
 34872 | Elf:3    | Noticed a Tzitzimitl
 34885 | Elf:3    | Noticed a Hell Sentinel
 34887 | Elf:3    | Reached skill level 18 in Polearms
 35025 | Elf:3    | Identified the cursed +0 ring mail of the End {-Cast Str+8
                  | Int+3 Stlth+} (You found it in the Desolation of Salt)
 35028 | Elf:3    | Got an ichor-stained chain mail
 35051 | Elf:3    | Identified the amulet of Fennya {Faith rElec rPois rF+ MR-}
 35213 | Elf:3    | Cast into level 2 of the Abyss (a deep elf demonologist)
 35213 | Snake:4  | Entered Level 4 of the Snake Pit
 35309 | Abyss:2  | Noticed a profane servitor
 35524 | Abyss:2  | Gained mutation: You occasionally shout uncontrollably at
                  | your foes. [a neqoxec]
 35526 | Abyss:2  | Gained mutation: You sometimes yell uncontrollably at your
                  | foes. [a neqoxec]
 35527 | Abyss:2  | Gained mutation: You are weak. (Str -2) [a neqoxec]
 35535 | Abyss:2  | Lost intelligence.
 35575 | Elf:3    | Escaped the Abyss
 35597 | Elf:3    | Got a pair of fine boots
 35608 | Elf:3    | Identified the cursed +0 pair of boots of Duty {Str+3
                  | Dex+4} (You found it on level 3 of the Elven Halls)
 35646 | Elf:3    | Identified the Almanac of Dislocated Enchantment
 35651 | Elf:3    | Learned a level 2 spell: Blink
 35685 | Elf:3    | Identified the +1 robe of Gawiupp {rElec rCorr}
 35819 | Elf:3    | Identified Nazuil's Papyrus of Hexes
 36129 | Elf:3    | Identified the +6 chain mail of Oduto {*Slow +Fly SInv
                  | Stlth+} (You found it on level 3 of the Elven Halls)
 36883 | Snake:4  | Entered Level 4 of the Snake Pit
 37999 | Snake:4  | Learned a level 3 spell: Ozocubu's Armour
 38096 | Snake:4  | Reached skill level 5 in Translocations
 38102 | Snake:4  | Reached XP level 19. HP: 131/163 MP: 35/47
 38946 | Snake:4  | Got a serpentine rune of Zot
 39072 | Snake:2  | Got a pair of ichor-stained gloves
 39074 | Snake:2  | Identified the +0 pair of gloves of Pessimism {rElec rC-
                  | Str+10} (You found it on level 2 of the Snake Pit)
 39963 | Shoals:2 | Found Ralar's Weapon Shoppe.
 40821 | Shoals:3 | Reached skill level 19 in Polearms
 41064 | Shoals:4 | Entered Level 4 of the Shoals
 41821 | Shoals:4 | Got a barnacled rune of Zot
 42434 | Shoals:4 | Found a runed translucent gate.
 42434 | Shoals:4 | Found a runed translucent gate.
 42435 | Shoals:4 | Found a runed translucent gate.
 42436 | Shoals:4 | Noticed feelmyfire's ghost (adept HaGl)
 42833 | Shoals:4 | Got a crude hat
 42902 | Shoals:4 | Killed feelmyfire's ghost
 43159 | Vaults:1 | Entered Level 1 of the Vaults
 43530 | Vaults:1 | Reached XP level 20. HP: 150/171 MP: 33/49
 44665 | Vaults:1 | Identified the +0 hat of Vichu {rC- MR+ Str+5} (You found
                  | it on level 4 of the Shoals)
 45136 | Vaults:1 | Found Kokhlev's Assorted Antiques.
 45143 | Vaults:1 | Bought a scroll of magic mapping for 126 gold pieces
 45143 | Vaults:1 | Bought a scroll of identify for 72 gold pieces
 45143 | Vaults:1 | Bought a scroll of teleportation for 108 gold pieces
 45295 | Vaults:2 | Reached skill level 10 in Translocations
 45762 | Vaults:2 | Reached skill level 20 in Polearms
 46523 | Vaults:2 | Found a shimmering altar of Xom.
 47203 | Vaults:3 | Got a tiger eye-encrusted ring mail
 47205 | Vaults:3 | Identified the cursed +0 ring mail "Ceill" {rF+ Str-5
                  | Dex+3} (You found it on level 3 of the Vaults)
 47286 | Vaults:3 | Reached XP level 21. HP: 131/178 MP: 20/51
 48418 | Vaults:3 | Found a staircase to the Crypt.
 48485 | Vaults:3 | Found Duaq's Jewellery Boutique.
 49077 | Vaults:4 | Identified the +1 scale mail of Forking Paths {*Contam
                  | rCorr Dex+9 Stlth+} (You found it on level 4 of the Vaults)
 49201 | Vaults:4 | Found Qomakoa's Armour Shop.
 50352 | Depths:1 | Entered Level 1 of the Depths
 50501 | Depths:1 | Found a gateway to a ziggurat.
 50760 | Depths:1 | Found Fiujy's Magic Scroll Emporium.
 50762 | Depths:1 | Found Jybrul's Distillery.
 50764 | Depths:1 | Found Bicaet's Weapon Emporium.
 50774 | Depths:1 | Bought 3 scrolls of teleportation for 207 gold pieces
 50774 | Depths:1 | Bought a scroll of magic mapping for 80 gold pieces
 50774 | Depths:1 | Bought a scroll of holy word for 172 gold pieces
 50774 | Depths:1 | Bought a scroll of blinking for 172 gold pieces
 50774 | Depths:1 | Bought a scroll of identify for 46 gold pieces
 50774 | Depths:1 | Bought a scroll of immolation for 80 gold pieces
 50774 | Depths:1 | Bought a scroll of summoning for 218 gold pieces
 50776 | Depths:1 | Bought a potion of might for 56 gold pieces
 50776 | Depths:1 | Bought a potion of heal wounds for 70 gold pieces
 50776 | Depths:1 | Bought a potion of brilliance for 56 gold pieces
 50776 | Depths:1 | Bought a potion of curing for 42 gold pieces
 50776 | Depths:1 | Bought a potion of resistance for 140 gold pieces
 50776 | Depths:1 | Bought a potion of heal wounds for 70 gold pieces
 50776 | Depths:1 | Bought a potion of brilliance for 56 gold pieces
 50776 | Depths:1 | Bought a potion of flight for 42 gold pieces
 50776 | Depths:1 | Bought a potion of haste for 140 gold pieces
 50776 | Depths:1 | Bought a potion of might for 56 gold pieces
 50776 | Depths:1 | Bought a potion of flight for 42 gold pieces
 50776 | Depths:1 | Bought a potion of mutation for 112 gold pieces
 50986 | Depths:1 | Reached skill level 21 in Polearms
 51374 | Depths:1 | Found a gateway to Hell.
 51956 | Depths:1 | Found the +12 Vampire's Tooth {vamp}
 52048 | Depths:1 | Reached XP level 22. HP: 156/185 MP: 23/53
 52071 | Depths:1 | Noticed Sojobo
 52093 | Depths:1 | Killed Sojobo
 52435 | Depths:1 | Found a one-way gate leading to the halls of Pandemonium.
 53504 | Depths:2 | Found a shattered altar of Ashenzari.
 53594 | Depths:2 | Noticed Bai Suzhen
 53652 | Depths:2 | Killed Bai Suzhen
 55797 | Depths:3 | Got a pair of twisted boots
 55799 | Depths:3 | Identified the +0 pair of boots of Leaves {Dex+3} (You
                  | acquired it on level 3 of the Depths)
 56414 | Depths:4 | Found a runed translucent door.
 56415 | Depths:4 | Noticed a caustic shrike
 56512 | Depths:4 | Noticed a caustic shrike
 56534 | Depths:4 | Killed a caustic shrike
 56563 | Depths:4 | Reached skill level 22 in Polearms
 56686 | Depths:4 | Reached XP level 23. HP: 157/192 MP: 23/55
 56728 | Depths:4 | Reached skill level 15 in Translocations
 57853 | Depths:4 | Noticed a juggernaut
 57874 | Depths:4 | Killed a juggernaut
 58604 | Depths:4 | Found a one-way gate to the infinite horrors of the Abyss.
 58634 | Depths:4 | Got a pair of bloodstained boots
 58635 | Depths:4 | Identified the +2 pair of boots of Compassion {rPois rCorr}
                  | (You found it on level 4 of the Depths)
 58729 | Depths:4 | Found a portal to a secret trove of treasure.
 58941 | Depths:4 | You paid a toll of +3 storm dragon scales to enter a
                  | treasure trove
 58942 | Trove    | Entered a treasure trove
 58985 | Trove    | Got a brightly glowing pewter ring
 58987 | Trove    | Got a clouded tin amulet
 59032 | Depths:4 | Identified the amulet of Zyst {RegenMP rC+ Stlth+} (You
                  | found it in a treasure trove)
 59033 | Depths:4 | Identified the ring of Logu {rC++ Str-3 Dex+2} (You found
                  | it in a treasure trove)
 59997 | Depths:5 | Entered Level 5 of the Depths
 60018 | Depths:5 | Found Otuven's Magic Scroll Emporium.
 60022 | Depths:5 | Found Poerado's General Store.
 60023 | Depths:5 | Found Badghao's Antique Armour Emporium.
 60024 | Depths:5 | Found Noetaoj's Book Emporium.
 60027 | Depths:5 | Bought a scroll of identify for 36 gold pieces
 60027 | Depths:5 | Bought a scroll of teleportation for 54 gold pieces
 60027 | Depths:5 | Bought a scroll of magic mapping for 63 gold pieces
 60027 | Depths:5 | Bought a scroll of identify for 36 gold pieces
 60027 | Depths:5 | Bought a scroll of identify for 36 gold pieces
 60031 | Depths:5 | Bought a ration for 60 gold pieces
 60031 | Depths:5 | Bought a scroll of fear for 42 gold pieces
 60031 | Depths:5 | Bought a ration for 60 gold pieces
 60031 | Depths:5 | Bought 2 potions of haste for 240 gold pieces
 60031 | Depths:5 | Bought a potion of mutation for 96 gold pieces
 60552 | Depths:5 | Found a gate to the Realm of Zot.
 61497 | Vaults:5 | Entered Level 5 of the Vaults
 61507 | Vaults:5 | Reached XP level 24. HP: 121/200 MP: 31/56
 61645 | Vaults:5 | Identified the ring "Corantost" {Ice rN+ MP+9 Dex+4}
 61646 | Vaults:5 | Reached skill level 23 in Polearms
 61683 | Vaults:5 | Identified the +6 great mace of the Hierophant {protect,
                  | rN++ MR- Str+8 Int-4}
 61710 | Vaults:5 | Paralysed by a great orb of eyes for 6 turns
 61879 | Vaults:5 | Cast into level 1 of the Abyss (yaktaur)
 62234 | Abyss:2  | Paralysed by you for 2 turns
 62385 | Vaults:5 | Escaped the Abyss
 63124 | Vaults:5 | Found Itsot's Distillery.
 63128 | Vaults:5 | Found Ibre's Food Emporium.
 63129 | Vaults:5 | Bought 2 potions of lignification for 90 gold pieces
 63129 | Vaults:5 | Bought a potion of haste for 150 gold pieces
 63129 | Vaults:5 | Bought a potion of curing for 45 gold pieces
 63129 | Vaults:5 | Bought 2 potions of agility for 120 gold pieces
 63129 | Vaults:5 | Bought a potion of agility for 60 gold pieces
 63129 | Vaults:5 | Bought a potion of resistance for 150 gold pieces
 63129 | Vaults:5 | Bought a potion of ambrosia for 120 gold pieces
 63129 | Vaults:5 | Bought a potion of curing for 45 gold pieces
 63129 | Vaults:5 | Bought a potion of berserk rage for 75 gold pieces
 63129 | Vaults:5 | Bought a potion of heal wounds for 75 gold pieces
 63140 | Vaults:5 | Found Cuqucar's Food Boutique.
 63377 | Vaults:5 | Found Itwais's Magic Scroll Shop.
 63377 | Vaults:5 | Found Umouri's Magic Scroll Shoppe.
 63406 | Vaults:5 | Found Qecorugh's Food Boutique.
 63498 | Vaults:5 | Identified the Grimoire of Helpful Curses
 63500 | Vaults:5 | Identified Cutoqida's Collected Works on Malediction and
                  | Creation
 63758 | Vaults:5 | Got a silver rune of Zot
 64004 | Vaults:5 | Found Piuxtaq's Food Shop.
 64004 | Vaults:5 | Found Kacyilax's Magic Scroll Emporium.
 64093 | Vaults:5 | Bought a scroll of acquirement for 728 gold pieces
 64099 | Vaults:5 | Bought a scroll of blinking for 105 gold pieces
 64117 | Vaults:5 | Bought a scroll of teleportation for 60 gold pieces
 64117 | Vaults:5 | Bought a scroll of teleportation for 60 gold pieces
 64124 | Vaults:5 | Bought a scroll of teleportation for 45 gold pieces
 64124 | Vaults:5 | Bought a scroll of teleportation for 45 gold pieces
 64124 | Vaults:5 | Bought a scroll of immolation for 52 gold pieces
 64147 | Vaults:5 | Bought a scroll of teleportation for 42 gold pieces
 64147 | Vaults:5 | Bought a scroll of immolation for 49 gold pieces
 64617 | Slime:1  | Entered Level 1 of the Pits of Slime
 65076 | Slime:2  | Learned a level 1 spell: Summon Butterflies
 66006 | Slime:3  | Reached XP level 25. HP: 205/206 MP: 34/56
 66222 | Slime:3  | Gained mutation: Potions are less effective at restoring
                  | your health. [a shining eye]
 66236 | Slime:3  | Paralysed by a floating eye for 2 turns
 67862 | Depths:4 | Voluntarily entered the Abyss.
 67871 | Abyss:1  | Found a corrupted altar of Lugonu.
 68170 | Abyss:1  | Found a corrupted altar of Lugonu.
 68216 | Abyss:1  | Found a corrupted altar of Lugonu.
 68255 | Abyss:1  | Found a corrupted altar of Lugonu.
 68309 | Abyss:1  | Reached skill level 24 in Polearms
 68574 | Abyss:1  | Found a shimmering altar of Xom.
 69011 | Abyss:1  | Paralysed by accursed screaming for 1 turns
 69024 | Abyss:1  | Paralysed by accursed screaming for 2 turns
 69369 | Abyss:1  | Gained mutation: Your spells are a little easier to cast,
                  | but a little less powerful. [a neqoxec]
 69704 | Abyss:1  | Gained mutation: Your body sometimes deteriorates upon
                  | taking damage. [a cacodemon]
 69973 | Abyss:1  | Gained mutation: Your body often deteriorates upon taking
                  | damage. [a neqoxec]
 70078 | Abyss:1  | Found a corrupted altar of Lugonu.
 70120 | Abyss:1  | Paralysed by accursed screaming for 1 turns
 70828 | Abyss:1  | Found a corrupted altar of Lugonu.
 70900 | Abyss:1  | Found a corrupted altar of Lugonu.
 70963 | Abyss:1  | Found a corrupted altar of Lugonu.
 71402 | Abyss:1  | Found a corrupted altar of Lugonu.
 71601 | Abyss:1  | Found a corrupted altar of Lugonu.
 71945 | Abyss:1  | Gained mutation: You tend to lose your temper in combat. [a
                  | neqoxec]
 72328 | Abyss:1  | Reached XP level 26. HP: 120/214 MP: 28/57
 73260 | Abyss:2  | Gained mutation: You are very weak. (Str -4) [a shining
                  | eye]
 73581 | Abyss:2  | Paralysed by you for 5 turns
 74154 | Abyss:2  | Got a faintly humming plate armour
 74156 | Abyss:2  | Identified the cursed +1 plate armour of the Nexus {+Fly
                  | rC+} (You found it on level 2 of the Abyss)
 74174 | Abyss:2  | Found a corrupted altar of Lugonu.
 74352 | Abyss:2  | Reached skill level 25 in Polearms
 75558 | Abyss:2  | Gained mutation: Scrolls take you longer to read. [a
                  | neqoxec]
 75564 | Abyss:2  | Paralysed by accursed screaming for 1 turns
 75876 | Abyss:2  | Noticed an ancient lich
 75897 | Abyss:2  | Killed an ancient lich
 76183 | Abyss:2  | Found a corrupted altar of Lugonu.
 76188 | Abyss:2  | Got a steaming marble ring
 76198 | Abyss:2  | Gained mutation: You often lose your temper in combat. [a
                  | neqoxec]
 76211 | Abyss:2  | Identified the ring of Puxkuyda {*Tele rPois rN+ Int+5}
                  | (You found it on level 2 of the Abyss)
 76327 | Abyss:3  | Noticed a juggernaut
 76334 | Abyss:3  | Killed a juggernaut
 76336 | Abyss:3  | Got an abyssal rune of Zot
 76502 | Abyss:3  | Found a glowing golden altar of the Shining One.
 77160 | Abyss:3  | Gained mutation: You are dopey. (Int -2) [a cacodemon]
 77290 | Abyss:3  | Found a corrupted altar of Lugonu.
 77480 | Abyss:3  | Found a corrupted altar of Lugonu.
 77486 | Depths:4 | Escaped the Abyss
 77533 | Depths:5 | Bought a book of the Warp for 2160 gold pieces
 77543 | Depths:5 | Learned a level 8 spell: Controlled Blink
 77548 | Depths:5 | Learned a level 4 spell: Passage of Golubria
 77557 | Depths:5 | Learned a level 8 spell: Disjunction
 77561 | Depths:5 | Lost mutation: You are very weak. (Str -4) [potion of
                  | mutation]
 77561 | Depths:5 | Lost mutation: Your spells are a little easier to cast, but
                  | a little less powerful. [potion of mutation]
 77561 | Depths:5 | Lost mutation: Your body often deteriorates upon taking
                  | damage. [potion of mutation]
 77561 | Depths:5 | Lost mutation: You sometimes yell uncontrollably at your
                  | foes. [potion of mutation]
 77561 | Depths:5 | Lost mutation: You are weak. (Str -2) [potion of mutation]
 77561 | Depths:5 | Gained mutation: You are resistant to hostile enchantments.
                  | (MR+) [potion of mutation]
 77562 | Depths:5 | Lost mutation: You occasionally shout uncontrollably at
                  | your foes. [potion of mutation]
 77562 | Depths:5 | Lost mutation: You are resistant to hostile enchantments.
                  | (MR+) [potion of mutation]
 77562 | Depths:5 | Gained mutation: You are partially covered in thin metallic
                  | scales. (AC +2) [potion of mutation]
 77562 | Depths:5 | Lost mutation: Your body sometimes deteriorates upon taking
                  | damage. [potion of mutation]
 77562 | Depths:5 | Lost mutation: You often lose your temper in combat.
                  | [potion of mutation]
 77563 | Depths:5 | Lost mutation: You are dopey. (Int -2) [potion of mutation]
 77563 | Depths:5 | Lost mutation: Scrolls take you a little longer to read.
                  | [potion of mutation]
 77563 | Depths:5 | Gained mutation: You have a pair of small antennae on your
                  | head. [potion of mutation]
 77563 | Depths:5 | Gained mutation: You have sharp toenails. [potion of
                  | mutation]
 77564 | Depths:5 | Lost mutation: Potions are less effective at restoring your
                  | health. [potion of mutation]
 77564 | Depths:5 | Lost mutation: You tend to lose your temper in combat.
                  | [potion of mutation]
 77564 | Depths:5 | Lost mutation: You have sharp toenails. [potion of
                  | mutation]
 77564 | Depths:5 | Gained mutation: You are weak. (Str -2) [potion of
                  | mutation]
 77564 | Depths:5 | Gained mutation: You evolve. [potion of mutation]
 77565 | Depths:5 | Lost mutation: You are weak. (Str -2) [potion of mutation]
 77565 | Depths:5 | Lost mutation: You have a pair of small antennae on your
                  | head. [potion of mutation]
 77565 | Depths:5 | Gained mutation: Your mind is acute. (Int +2) [potion of
                  | mutation]
 77565 | Depths:5 | Gained mutation: You have large cloven feet. [potion of
                  | mutation]
 77621 | Pan      | Entered Pandemonium
 78024 | Pan      | Reached XP level 27. HP: 211/221 MP: 40/58
 78254 | Pan      | Gained mutation: You have a somewhat thin skeletal
                  | structure. (Dex +2, Stealth) [evolution]
 78468 | Pan      | Found a glowing silver altar of Zin.
 79416 | Pan      | Identified the +4 large shield of Trial and Error {Int+2}
 80337 | Pan      | Noticed a seraph
 80584 | Pan      | HP: 9/221 [seraph/+7 great sword of flaming (11)]
 80584 | Pan      | HP: 1/221 [angel/+2 whip of holy wrath (6)]
 80584 | Pan      | Demolished by an angel

Levels and vault maps discovered:
D:1:      minmay_arrival_three_doors, layout_loops_ring
D:2:      layout_loops_corners, eat_drink_and_be_merry_uskayaw
D:3:      layout_rooms, nicolae_overflow_hidden_temple, minivault_25,
          hangedman_feature_mirror
D:4:      layout_cave_pods, overflow_temple_1_default, first_ration,
          nemelex_spade_bored_becter, uniq_ijyb, uniq_duvessa
D:5:      layout_loops_cross, slow_altar_2, serial_shops,
          nicolae_shop_behind_doors
D:6:      layout_loops_ring, minmay_temple_entry_glass
D:7:      layout_basic
D:8:      minmay_cornered_nines, layout_cave_pools, enter_bailey_8
D:9:      minmay_the_grid_octo_triangle [minmay_the_grid_octo_vomiting_pacman,
          minmay_the_grid_octo_prize_star, minmay_the_grid_octo_odd_swirl],
          layout_loops_cross, tso_altar, nicolae_overflow_crystal_walls,
          dpeg_oklobed_lair
D:10:     layout_stronghold, grunt_tengu_nest
D:11:     layout_layer_cave, uniq_nergalle
D:12:     layout_gridville, erik_orc_4, gammafunk_ghost_mausoleum,
          hangedman_decor_diamond_cutter
D:13:     layout_loops_ring, david_vaults_5, basic_altar, serial_glass,
          glass_columns_b, glass_columns_a, glass_columns_a, glass_columns_a,
          glass_columns_b, glass_columns_c, uniq_kirke, uniq_rupert
D:14:     layout_cave_pools, hangedman_decor_growths, serial_park_tiny_pond,
          uniq_agnes
D:15:     gammafunk_depths_entry_grave, layout_long_grid,
          minmay_splitting_lines, portal_ice_cave_rime
Lair:1:   layout_cave_pods, uniq_joseph, uniq_harold
Lair:2:   layout_chaotic_city, shoals_dummy_entry,
          maelrawn_ghost_gauntlet_escape, minmay_lair_oklob_chamber,
          grunt_megastairs_2
Lair:3:   layout_chaotic_city, dummy_snake_entry, lemuel_fruit_tree,
          lemuel_fruit_fields, uniq_gastronok
Lair:4:   layout_cave_pods, eino_small_chamber_without_monster
Lair:5:   regret_index_combs_of_tragedy, layout_cave_pods,
          nicolae_slime_entry_slimehenge, ebering_ghost_xom,
          infiniplex_staircase_pool_2
Lair:6:   hangedman_lair_in_review, layout_long_grid
Shoals:1: layout_shoals
Shoals:2: layout_shoals, serial_shops, nicolae_shop_trees
Shoals:3: layout_shoals, nicolae_shoals_arrival_archipelago
Shoals:4: shoals_end_hangedman, layout_shoals, gammafunk_ghost_tricky_traps
Snake:1:  layout_layer_cave, basic_altar, grunt_ministairs_13
Snake:2:  nicolae_cobra_stairs, layout_onion_interference, uniq_donald,
          uniq_nikola, uniq_vashnia
Snake:3:  layout_misc_corridors, uniq_azrael
Snake:4:  grunt_snake_rune_pools, layout_basic, special_room
Slime:1:  layout_caves
Slime:2:  layout_caves
Slime:3:  layout_caves
Slime:4:  layout_caves
Orc:1:    layout_caves, serial_shops, shop
Orc:2:    st_orc_congregation, layout_caves, uniq_erolcha
Elf:1:    layout_loops_corners, minmay_elf_necromancy, minmay_crystal_room
Elf:2:    layout_onion_city, basic_altar, portal_desolation_entry_twin_temple,
          serial_shops, nicolae_shop_stone, ebering_dispersal_statue_hall
Elf:3:    nooodl_elf_gasket, layout_gridlike, serial_shops,
          nicolae_shop_statue_plus, uniq_asterion
Vaults:1: grunt_vaults_diagonal, hangedman_vaults_hat, ontoclasm_vaults_twist,
          grunt_vaults_trifunnel, v_alt_pattern_4, vaults_room_large_hall,
          nicolae_vaults_mini_display_case, ontoclasm_vaults_spin,
          ontoclasm_vaults_ring_square, vaults_dpeg_diagonal,
          layout_vaults_omnigrid, serial_shops,
          nicolae_shop_competitors_out_of_business
Vaults:2: v_misc_18, v_misc_30, nicolae_vaults_ring_of_whatevers,
          vaults_standard_mumra_lines, vaults_mumra_minichess_inversion,
          hangedman_vaults_trim, vaults_dpeg_hooks, v_misc_5,
          layout_vaults_big_room, basic_altar
Vaults:3: hangedman_vaults_impose, vaults_room_large_hall, v_misc_16,
          nicolae_vaults_know_your_exits, nicolae_vaults_border_crossing,
          v_misc_17, hangedman_vaults_capsules, ontoclasm_vaults_ring_small,
          minmay_crypt_entry_simple_plaza, v_misc_28, nicolae_vaults_alarming,
          vaults_room_door_ring, nicolae_vaults_yaktaur_gun_rack,
          layout_vaults_maze, serial_shops,
          nicolae_shop_temple_entry_statues_fountains
Vaults:4: nicolae_vaults_lopsided_apartments, v_rooms_3,
          nicolae_vaults_puzzle_piece, ontoclasm_vaults_pinch,
          vaults_mumra_chevron_long, vaults_mumra_hexcomb,
          vaults_room_ringed_pool, grunt_vaults_funnel,
          ontoclasm_vaults_claustrophobia, v_misc_22, hangedman_vaults_trim,
          layout_vaults_big_cross, serial_shops, shop
Vaults:5: serial_shops
Depths:1: layout_forbidden_donut, enter_ziggurat_a, moated_statue,
          rand_demon_pan_entry_7, hell_entry, corexii_leaking_fountain,
          grunt_ministairs_14, abandoned_shop,
          minmay_guarded_unrand_vampires_tooth, grunt_megastairs_3,
          minmay_shop_star, hangedman_decor_cross_pass, uniq_sojobo
Depths:2: minmay_angry_zag, layout_basic, nicolae_ashenzari_panopticon,
          pf_hell_entry_great_geh, minmay_staircase_windowed_small,
          kennysheep_random_hallway, uniq_bai_suzhen
Depths:3: minmay_mutant_horseshoe, layout_basic,
          serial_sigils_hangedman_scratch, rand_demon_pan_entry_3,
          grunt_hell_entry_dis_old, grunt_decor_arrowhead
Depths:4: kennysheep_large_vault, layout_basic, trove_entry_hex_spiral,
          hell_entry, abyss_entry_crystal, lightli_gold_pyramid
Depths:5: grunt_zot_entry_tricorne, layout_basic, grunt_mini_vestibule,
          nicolae_twisting_strands, serial_sigils, serial_sigils_hangedman_leer,
          serial_sigils_hangedman_carve, serial_sigils_hangedman_clutch,
          serial_sigils_hangedman_quiver, minmay_shop_grid_forest
Pan:      evilmike_holy_pan

Skill      XL: |  1  2  3  4  5  6  7  8  9 10 11 12 13 14 15 16 17 18 19 20 21 22 23 24 25 26 27 |
---------------+----------------------------------------------------------------------------------+-----
Polearms       | 3 4 5 6 7 9 11 12 14 16 17 18 19 20 21 22 23 24 25 | 25.9
Fighting       | 2 3 4 5 6 8 9 10 11 12 13 | 13.5
Armour         | 1 2 4 6 8 |  8.0
Spellcasting   | 8 11 13 16 17 18 19 20 21 22 23 24 | 24.8
Dodging        | 5 7 8 |  8.3
Translocations | 2 3 5 8 11 13 14 16 18 19 20 21 | 21.1
Charms         | 1 6 7 |  7.4
Throwing       | |  1.7

Action                   |  1- 3 |  4- 6 |  7- 9 | 10-12 | 13-15 | 16-18 | 19-21 | 22-24 | 25-27 || total
-------------------------+-------+-------+-------+-------+-------+-------+-------+-------+-------++-------
Melee: Trident           |   201 |   158 |   376 |       |       |       |       |       |       ||   735
       Halberd           |       |       |   188 |   509 |  1450 |  1557 |  2061 |  1731 |  2212 ||  9708
       Glaive            |       |       |       |       |       |    11 |   187 |   146 |   606 ||   950
       Lajatang          |       |       |       |       |       |       |       |    37 |       ||    37
Throw: Throwing net      |       |       |       |       |     3 |     7 |       |     3 |     1 ||    14
 Cast: Regeneration      |       |       |       |       |    21 |   141 |   114 |   148 |   266 ||   690
       Shroud of Golubri |       |       |       |       |     8 |    63 |    77 |    91 |    90 ||   329
       Song of Slaying   |       |       |       |       |     4 |    55 |    69 |    74 |   107 ||   309
       Infusion          |       |       |       |       |       |     5 |    76 |    79 |    89 ||   249
       Blink             |       |       |       |       |       |    14 |    18 |    13 |    46 ||    91
       Summon Butterflie |       |       |       |       |       |       |       |    11 |     4 ||    15
       Controlled Blink  |       |       |       |       |       |       |       |       |    11 ||    11
 Abil: Evoke Blink       |       |       |       |       |       |     6 |       |       |       ||     6
Evoke: Wand              |       |     2 |    23 |    23 |    11 |    18 |    43 |    19 |    22 ||   161
       Box of beasts     |       |       |       |     1 |     4 |     1 |     2 |     2 |       ||    10
       Phantom mirror    |       |       |       |       |       |     2 |       |     4 |       ||     6
       Phial of floods   |       |       |       |       |       |       |     2 |     3 |     3 ||     8
       Sack of spiders   |       |       |       |       |       |       |       |       |     3 ||     3
  Use: Potion            |     6 |     2 |     3 |     2 |     2 |    22 |     6 |    28 |    28 ||    99
       Scroll            |     1 |     8 |     5 |     6 |    17 |    38 |    17 |    35 |    14 ||   141
 Stab: Sleeping          |     4 |       |       |       |       |       |       |       |       ||     4
       Distracted        |       |       |       |     1 |     4 |     2 |     1 |     3 |     4 ||    15
       Paralysed         |       |       |       |     4 |       |       |       |     5 |     1 ||    10
       Held in net/web   |       |       |       |       |     1 |     4 |       |       |       ||     5
       Invisible         |       |       |       |       |       |       |    10 |     1 |     1 ||    12
       Petrifying        |       |       |       |       |       |       |       |     1 |       ||     1
  Eat: Chunk             |     5 |     7 |    13 |    11 |    30 |     3 |    18 |     9 |       ||    96
       Ration            |       |       |       |     1 |     6 |    15 |     9 |    14 |    22 ||    67
Armor: Leather armour    |    25 |       |       |       |       |       |       |       |       ||    25
       Scale mail        |    75 |    43 |     8 |       |       |       |       |       |       ||   126
       Chain mail        |       |       |   303 |   254 |   560 |   747 |  1010 |  1073 |  1500 ||  5447
       Skin              |       |       |       |       |       |    11 |       |    62 |       ||    73
Dodge: Dodged            |   140 |    76 |   210 |   176 |   500 |   656 |  1094 |   985 |  1489 ||  5326
       Deflected         |     2 |       |    13 |    40 |    24 |    92 |       |       |       ||   171

Table legend:
 A = Non-vault XP
 B = Vault XP
 C = Vault XP percentage of total XP
 D = Non-vault monster count
 E = Vault monster count
 F = Vault count percentage of total count
                 A         B        C        D         E       F
            +---------+---------+-------+---------+---------+-------
      Total | 1126444 |  768228 |  40.5 |    2145 |     963 |  31.0
            +---------+---------+-------+---------+---------+-------
        D:1 |      26 |       0 |   0.0 |      17 |       0 |   0.0
        D:2 |      21 |       0 |   0.0 |      12 |       0 |   0.0
        D:3 |      99 |       8 |   7.5 |      24 |       2 |   7.7
        D:4 |     382 |     207 |  35.1 |      13 |       2 |  13.3
        D:5 |     372 |      18 |   4.6 |      11 |       1 |   8.3
        D:6 |     752 |       0 |   0.0 |      17 |       0 |   0.0
        D:7 |    1211 |       0 |   0.0 |      28 |       0 |   0.0
        D:8 |    1319 |     460 |  25.9 |      26 |       3 |  10.3
        D:9 |    1852 |    2621 |  58.6 |      30 |      14 |  31.8
       D:10 |    2329 |     328 |  12.3 |      16 |       1 |   5.9
       D:11 |    2925 |     828 |  22.1 |      24 |       1 |   4.0
       D:12 |    7095 |     505 |   6.6 |      32 |      11 |  25.6
       D:13 |    6345 |    5718 |  47.4 |      23 |       9 |  28.1
       D:14 |    7738 |    2248 |  22.5 |      35 |       1 |   2.8
       D:15 |   21998 |    5057 |  18.7 |      53 |      10 |  15.9
     Lair:1 |    4367 |    1478 |  25.3 |      18 |       2 |  10.0
     Lair:2 |    5113 |    4669 |  47.7 |      26 |       9 |  25.7
     Lair:3 |    7942 |    2473 |  23.7 |      20 |       1 |   4.8
     Lair:4 |    2523 |       0 |   0.0 |      11 |       0 |   0.0
     Lair:5 |    4377 |   10419 |  70.4 |      17 |      56 |  76.7
     Lair:6 |    9230 |   11506 |  55.5 |      35 |      21 |  37.5
   Shoals:1 |   19224 |       0 |   0.0 |      37 |       0 |   0.0
   Shoals:2 |   10997 |       0 |   0.0 |      19 |       0 |   0.0
   Shoals:3 |    7531 |       0 |   0.0 |      12 |       0 |   0.0
   Shoals:4 |   13720 |   33461 |  70.9 |      29 |      47 |  61.8
    Snake:1 |   15456 |    2400 |  13.4 |      33 |       4 |  10.8
    Snake:2 |   19999 |   28637 |  58.9 |      34 |      23 |  40.4
    Snake:3 |   18425 |    2062 |  10.1 |      31 |       6 |  16.2
    Snake:4 |   19968 |   40744 |  67.1 |      28 |      55 |  66.3
    Slime:1 |   17140 |       0 |   0.0 |      26 |       0 |   0.0
    Slime:2 |   14056 |       0 |   0.0 |      17 |       0 |   0.0
    Slime:3 |   25270 |       0 |   0.0 |      46 |       0 |   0.0
    Slime:4 |    1172 |       0 |   0.0 |       4 |       0 |   0.0
      Orc:1 |    1471 |       0 |   0.0 |       9 |       0 |   0.0
      Orc:2 |    3922 |   13278 |  77.2 |      28 |      82 |  74.5
      Elf:1 |    7933 |    4155 |  34.4 |      14 |      10 |  41.7
      Elf:2 |    8268 |    3786 |  31.4 |      14 |       4 |  22.2
      Elf:3 |   15531 |   63867 |  80.4 |      27 |      41 |  60.3
   Vaults:1 |   39048 |   14165 |  26.6 |      74 |      28 |  27.5
   Vaults:2 |   39418 |   23153 |  37.0 |      70 |      31 |  30.7
   Vaults:3 |   50415 |   23113 |  31.4 |      69 |      34 |  33.0
   Vaults:4 |   23807 |   17304 |  42.1 |      34 |      22 |  39.3
   Vaults:5 |   29166 |  118503 |  80.2 |      43 |      89 |  67.4
   Depths:1 |   48644 |   28840 |  37.2 |      56 |      28 |  33.3
   Depths:2 |   29131 |   16522 |  36.2 |      43 |      14 |  24.6
   Depths:3 |   59896 |   16614 |  21.7 |      62 |      13 |  17.3
   Depths:4 |   37778 |   90218 |  70.5 |      37 |      57 |  60.6
   Depths:5 |   18634 |   21274 |  53.3 |      18 |      20 |  52.6
    Abyss:1 |  198893 |   16361 |   7.6 |     378 |      31 |   7.6
    Abyss:2 |  115528 |       0 |   0.0 |     206 |       0 |   0.0
    Abyss:3 |   65544 |   16163 |  19.8 |     117 |       9 |   7.1
        Pan |   62443 |   62522 |  50.0 |      42 |      42 |  50.0
     Bailey |       0 |    1370 | 100.0 |       0 |      16 | 100.0
      IceCv |       0 |    5496 | 100.0 |       0 |      20 | 100.0
 Desolation |       0 |   55677 | 100.0 |       0 |      93 | 100.0
            +---------+---------+-------+---------+---------+-------
